 Dungeon Crawl Stone Soup version 0.29-a0-234-g0dae59b3db (webtiles) character file.

Game seed: 179833324759919281

464354 jlumianski the Demonic Cataclysm (level 23, 0/185 HPs)
             Began as a Demonspawn Gladiator on Mar 1, 2022.
             Was a High Priest of Qazlal.
             Slain by a rockslime (26 damage)
             ... created by the Royal Jelly
             ... on level 5 of the Pits of Slime on Mar 2, 2022.
             The game lasted 05:38:52 (64789 turns).

jlumianski the Demonic Cataclysm (DsGl)            Turns: 64789, Time: 05:38:52

Health: 0/185      AC: 19    Str: 29    XL:     23   Next: 13%
Magic:  0/38       EV: 25    Int:  9    God:    Qazlal [*****.]
Gold:   4782       SH: 26    Dex: 21    Spells: 21/22 levels left

rFire   + + +      SeeInvis +   U - +11 mace "Pullosoc" {flame, *Noise rF++ rC+++ Dex+3}
rCold   + + +      Faith    .   T - +2 kite shield {reflect}
rNeg    + . .      Spirit   +   I - +6 swamp dragon scales of Exihi Wokh {-Cast Rampage rPois Str+4 Slay+2}
rPois   +          Reflect  +   (helmet restricted)
rElec   .          Harm     .   d - +1 cloak of Starlight {*Dazzle EV+4 Stlth--}
rCorr   +          Rampage  +   o - +2 pair of gloves
Will    ++...      NoCast   +   (boots unavailable)
Stlth   +.........              v - macabre finger necklace {rN+}
HPRegen 0.40/turn               k - +4 ring of slaying
MPRegen 0.52/turn               q - +4 ring of protection
                                s - ring "Dacsan" {rPois rF++ Str+4 SInv}

@: protected from fire, corroded, studying Invocations, repel missiles, unable
to read
A: hooves 3, yellow scales 3, icemail 2, magic shield, magic regeneration, magic
link, condensation shield, demonic willpower, antennae 1, thin skeletal
structure 1, deformed body, deterioration 1, dopey 1, screaming 2, weak 1,
subdued magic 1, inability to read while threatened
}: 3/15 runes: decaying, serpentine, silver
a: Renounce Religion, Upheaval, Elemental Force, Disaster Area


You were on level 5 of the Pits of Slime.
You worshipped Qazlal.
Qazlal was extremely pleased with you.
You visited 9 branches of the dungeon, and saw 45 of its levels.
You visited 2 bazaars.
You also visited: Ossuary, Gauntlet and Ice Cave.

You collected 7350 gold pieces.
You spent 2568 gold pieces at shops.

Inventory:

Hand Weapons
 U - the +11 mace "Pullosoc" (weapon) {flame, *Noise rF++ rC+++ Dex+3}
   (You took it off a deep elf elementalist on level 3 of the Elven Halls)

   It burns those it strikes, dealing additional fire damage.
   Dex:       It affects your dexterity (+3).
   rF:        It greatly protects you from fire.
   rC:        It renders you almost immune to cold.
   *Noise:    It may make noises in combat.
Missiles
 i - 4 throwing nets
 t - 4 boomerangs of dispersal
 E - 14 javelins (quivered)
Armour
 d - the +1 cloak of Starlight (worn) {*Dazzle EV+4 Stlth--}
   (You found it on level 5 of the Vaults)

   It may blind those who miss an attack against the wearer in melee combat.
   EV:        It affects your evasion (+4).
   Stlth:     It makes you much less stealthy.
 o - a +2 pair of gloves (worn)
 x - the +2 cloak of the Snail {Contam rC+ rCorr Str+5}
   (You found it in a Gauntlet)

   Str:       It affects your strength (+5).
   rC:        It protects you from cold.
   Contam:    It causes magical contamination when unequipped.
   rCorr:     It protects you from acid and corrosion.
 I - the +6 swamp dragon scales of Exihi Wokh (worn) {-Cast Rampage rPois Str+4 Slay+2}
   (You bought it in a shop on level 5 of the Dungeon)

   Str:       It affects your strength (+4).
   Slay:      It affects your accuracy & damage with ranged weapons and melee
   (+2).
   rPois:     It protects you from poison.
   -Cast:     It prevents spellcasting.
   Rampage:   It bestows one free step when moving towards enemies.
 T - a +2 kite shield of reflection (worn)
Jewellery
 h - a +4 ring of evasion
 k - a +4 ring of slaying (left hand)
 q - a +4 ring of protection (right hand)
 s - the ring "Dacsan" (on amulet) {rPois rF++ Str+4 SInv}
   (You took it off a deep elf annihilator on level 3 of the Elven Halls)

   [ring of see invisible]

   Str:       It affects your strength (+4).
   rF:        It greatly protects you from fire.
   rPois:     It protects you from poison.
   SInv:      It lets you see invisible.
 v - the macabre finger necklace (around neck) {rN+}
   (You found it in a Gauntlet)

   [amulet of nothing]

   It enables you to equip an extra ring.
   rN:        It protects you from negative energy.
 Q - a ring of flight
Wands
 e - a wand of iceblast (67)
 l - a wand of digging (18)
 B - a wand of acid (27)
 C - a wand of flame (12)
 N - a wand of mindburst (49)
 R - a wand of paralysis (21)
Scrolls
 a - 5 scrolls of immolation
 p - 4 scrolls of blinking
 u - a scroll of silence
 w - 12 scrolls of fog
 z - 23 scrolls of teleportation
 D - 2 scrolls of magic mapping
 W - 3 scrolls of fear
Potions
 b - a potion of cancellation
 f - 12 potions of might
 j - 17 potions of curing
 m - 11 potions of heal wounds
 A - 6 potions of resistance
 G - 4 potions of invisibility
 H - 5 potions of flight
 M - 4 potions of berserk rage
 V - 2 potions of haste
Miscellaneous
 g - a phial of floods
 n - a box of beasts
 J - a phantom mirror
 K - a condenser vane (inert)
 L - a lightning rod (4/4)
 Y - a tin of tremorstones (2/2)


   Skills:
 * Level 16.4 Fighting
 + Level 3.1(9.6) Axes
 - Level 14.0(14.1) Maces & Flails
 + Level 3.2 Throwing
 * Level 12.9 Armour
 + Level 13.7 Dodging
 - Level 2.6 Stealth
 + Level 19.8 Shields
 * Level 23.4 Invocations
 * Level 17.4 Evocations


You had 21 spell levels left.
You knew the following spells:

 Your Spells              Type           Power      Damage    Failure   Level
a - Foxfire               Conj/Fire      0%         2x1d4     54%         1

Your spell library contained the following spells:

 Spells                   Type           Power      Damage    Failure   Level
 Animate Skeleton         Necr           0%         N/A       54%         1
 Freeze                   Ice            0%         1d3       54%         1
 Magic Dart               Conj           0%         1d3       54%         1
 Pain                     Necr           0%         1d4       54%         1
 Call Imp                 Summ           0%         N/A       71%         2
 Corpse Rot               Necr/Air       0%         N/A       71%         2
 Ensorcelled Hibernation  Hex/Ice        0%         N/A       71%         2
 Poisonous Vapours        Pois/Air       0%         N/A       71%         2
 Searing Ray              Conj           0%         2d4       71%         2
 Conjure Flame            Conj/Fire      0%         6-21      90%         3
 Frozen Ramparts          Ice            0%         1d2       90%         3
 Gell's Gravitas          Tloc           0%         N/A       90%         3
 Inner Flame              Hex/Fire       0%         N/A       90%         3
 Lesser Beckoning         Tloc           0%         N/A       90%         3
 Mephitic Cloud           Conj/Pois/Air  0%         N/A       90%         3
 Ozocubu's Armour         Ice            0%         N/A       90%         3
 Portal Projectile        Hex/Tloc       0%         N/A       90%         3
 Spider Form              Tmut/Pois      0%         N/A       90%         3
 Summon Guardian Golem    Hex/Summ       0%         N/A       90%         3
 Teleport Other           Tloc           0%         N/A       90%         3
 Tukima's Dance           Hex            0%         N/A       90%         3
 Vampiric Draining        Necr           0%         2d6       90%         3
 Anguish                  Hex/Necr       0%         N/A       100%        4
 Animate Armour           Summ/Erth      0%         N/A       100%        4
 Animate Dead             Necr           0%         N/A       100%        4
 Flame Wave               Conj/Fire      0%         2d4       100%        4
 Fulminant Prism          Conj/Hex       0%         3d6       100%        4
 Hailstorm                Conj/Ice       0%         3d3       100%        4
 Ice Form                 Ice/Tmut       0%         N/A       100%        4
 Iskenderun's Mystic Bla  Conj/Tloc      0%         2d3       100%        4
 Leda's Liquefaction      Hex/Erth       0%         N/A       100%        4
 Passage of Golubria      Tloc           0%         N/A       100%        4
 Petrify                  Tmut/Erth      0%         N/A       100%        4
 Summon Ice Beast         Ice/Summ       0%         N/A       100%        4
 Blade Hands              Tmut           0%         N/A       100%        5
 Borgnjor's Vile Clutch   Necr/Erth      0%         N/A       100%        5
 Excruciating Wounds      Necr           0%         N/A       100%        5
 Lee's Rapid Deconstruct  Erth           0%         3d5*      100%        5
 Metabolic Englaciation   Hex/Ice        0%         N/A       100%        5
 Silence                  Hex/Air        0%         N/A       100%        5
 Summon Forest            Summ/Tloc      0%         N/A       100%        5
 Summon Mana Viper        Hex/Summ       0%         N/A       100%        5
 Yara's Violent Unravell  Hex/Tmut       0%         3d3       100%        5
 Conjure Ball Lightning   Conj/Air       0%         3x3d6     100%        6
 Death Channel            Necr           0%         N/A       100%        6
 Iron Shot                Conj/Erth      0%         9d1       100%        6
 Simulacrum               Ice/Necr       0%         N/A       100%        6
 Statue Form              Tmut/Erth      0%         N/A       100%        6
 Summon Cactus Giant      Summ           0%         N/A       100%        6
 Monstrous Menagerie      Summ           0%         N/A       100%        7
 Orb of Destruction       Conj           0%         9d5       100%        7
 Ozocubu's Refrigeration  Ice            0%         4d5       100%        7
 Spellforged Servitor     Conj/Summ      0%         N/A       100%        7
 Borgnjor's Revivificati  Necr           0%         N/A       100%        8
 Discord                  Hex            0%         N/A       100%        8
 Disjunction              Tloc           0%         N/A       100%        8
 Lehudib's Crystal Spear  Conj/Erth      0%         10d2      100%        8
 Chain Lightning          Conj/Air       0%         N/A       100%        9
 Death's Door             Necr           0%         N/A       100%        9
 Fire Storm               Conj/Fire      0%         5d1       100%        9
 Shatter                  Erth           0%         3d5*      100%        9


Dungeon Overview and Level Annotations

Branches:
Dungeon (15/15)            Temple (1/1) D:5            Lair (6/6) D:9
  Swamp (4/4) Lair:2        Snake (4/4) Lair:4        Slime (5/5) Lair:5
    Orc (2/2) D:12            Elf (3/3) Orc:2        Vaults (5/5) D:13
  Crypt (0/3) Vaults:2     Depths (0/4) D:15        Ossuary (visited)
  IceCv (visited)         Gauntlet (visited)

Altars:
Ashenzari
Cheibriados
Dithmenos
Elyvilon
Fedhas
Gozag
Hepliaklqana
Kikubaaqudgha
Makhleb
Nemelex Xobeh
Okawaru
Qazlal
Ru
Sif Muna
Trog
Uskayaw
Vehumet
Wu Jian
Xom
Yredelemnul
Zin
The Shining One

Shops:
D:4 *   D:5 [   D:14 ?   Orc:2 ![::   Elf:1 (   Elf:2 (   Vaults:3 (

Portals:
Abyss: D:7

Annotations:
D:7 mcwallace's ghost, novice TeFi
D:12 8 runed translucent doors


Innate Abilities, Weirdness & Mutations

You have hooves in place of feet.
You are completely covered in yellow scales. (AC +4, rCorr)
A meltable icy envelope protects you from harm. (AC +0)
When hurt, damage is shared between your health and your magic reserves.
You regenerate magic rapidly.
When low on magic, you restore magic in place of health.
A meltable shield of frost defends you. (SH +0)
You punish those that try to bend your will. (Will+)
You have a pair of small antennae on your head.
You have a somewhat thin skeletal structure. (Dex +2, Stealth+)
Armour fits poorly on your strangely shaped body.
Your body sometimes deteriorates upon taking damage.
You are dopey. (Int -2)
You frequently scream uncontrollably at your foes.
You are weak. (Str -2)
Your spells are a little easier to cast, but a little less powerful.
You sometimes lose the ability to read scrolls when taking damage.


Message History

The fiery explosion engulfs the acid blob!!
Flame seeps out of the acid blob.
The acid blob is heavily wounded.
You hear a sizzling sound!
The fiery explosion engulfs the rockslime.
The rockslime resists.
Flame seeps out of the rockslime.
The rockslime is moderately wounded.
The fiery explosion engulfs you. You resist.
* * * LOW HITPOINT WARNING * * *
You hear a sizzling sound!
The fiery explosion engulfs the acid blob!
The acid blob is severely wounded.
You hear a sizzling sound!
The acid blob explodes!
You hear a sizzling sound! x3
The fiery explosion engulfs you. You resist.
Your resistance to physical damage fades away.
You feel protected from fire.
* * * LOW HITPOINT WARNING * * *
The fiery explosion engulfs the rockslime.
The rockslime resists.
The rockslime is almost dead.
The fiery explosion engulfs the acid blob!!
Flame seeps out of the acid blob.
The acid blob is severely wounded.
The fiery explosion engulfs the azure jelly!!!
The azure jelly is burned terribly!
You kill the azure jelly!
That felt strangely unrewarding.
The acid blob is engulfed in blazing flames.
You block the acid blob's attack.
The azure jelly is struck by lightning.
The acid blob is engulfed in blazing flames.
The acid blob spits acid at you. The splash of acid hits you! You resist.
* * * LOW HITPOINT WARNING * * *
The eye of devastation is engulfed in freezing vapours.
The rockslime is engulfed in blazing flames.
Flame seeps out of the rockslime.
The rockslime misses you. The rockslime hits you!!
You die...

...............#
.......≈≈§≈.....#
........≈≈≈§§§..#
...........§§§...
..........§G§§...
.......§§§≈...≈..
...≈.§§.J≈§..≈≈..
§.≈≈≈≈JJJJ§§.≈...
.≈..≈.°@JJ.§≈.≈..
..#.#.J○J§§.≈≈...
###..§.......
#..........
####.......
.§..... ..§....
...§..........
..............


You could see 5 acid blobs, an azure jelly, 3 rockslimes and an eye of
devastation.

Vanquished Creatures
  the Royal Jelly (Slime:5)
  An ancient lich (Vaults:4)
  Vashnia (Snake:4)
  Bai Suzhen (Vaults:4)
  Margery (Vaults:2)
  2 golden dragons (Vaults:4)
  5 tentacled monstrosities
  Rupert (Lair:4)
  3 liches
  3 deep elf blademasters
  4 deep elf master archers (Elf:3)
  3 quicksilver dragons
  The ghost of siradein the Grappler, an adept TrFi of Qazlal (Swamp:4)
  3 titans
  An acid blob (shapeshifter) (Vaults:5)
  16 acid blobs
  The ghost of Bupsiose the Cleaver, an adept DrCj of Vehumet (Snake:2)
  A sphinx (Vaults:4)
  4 shadow dragons
  3 tengu reavers
  7 thorn hunters
  3 storm dragons
  Donald (Swamp:3)
  5 azure jellies
  3 nagarajas
  5 rockslimes
  4 fire giants
  4 frost giants
  4 deep elf sorcerers
  14 vault wardens
  An iron dragon (Vaults:5)
  3 deep elf elementalists
  A ghoul (Vaults:2)
  5 ironbound thunderhulks
  2 stone giants
  12 very ugly things
  12 ironbound preservers
  2 vampire knights (Swamp:3)
  An eleionoma (shapeshifter) (Vaults:5)
  7 war gargoyles
  Nessos (D:12)
  5 quicksilver oozes
  8 deep elf demonologists
  4 deep elf annihilators
  A minotaur (Gauntlet)
  Azrael (Snake:2)
  3 eleionomae
  3 entropy weavers (Vaults:4)
  5 bunyips
  3 dire elephants
  An eidolon (Vaults:2)
  4 ettins
  A crystal guardian (Vaults:3)
  12 yaktaur captains
  7 deep elf high priests
  7 deep elf death magi
  The ghost of dolemite99 the Severer, a journeyman HOGl of Wu Jian (Lair:3)
  2 shambling mangroves
  Josephine (Orc:2)
  2 great orbs of eyes
  2 peacekeepers
  Erolcha (Orc:2)
  3 salamander tyrants
  28 vault guards
  27 hydras
  12 naga warriors
  3 boulder beetles
  5 centaur warriors
  A catoblepas (shapeshifter) (Vaults:4)
  A catoblepas (Lair:2)
  2 ogre magi
  A ghost crab (Swamp:4)
  24 dancing weapons
  12 two-headed ogres
  17 anacondas
  A two-headed ogre (shapeshifter) (Vaults:5)
  7 ironbound frosthearts
  5 alligators
  A tengu warrior (D:13)
  7 death yaks
  8 shock serpents
  Urug (Lair:2)
  2 deep troll earth magi (Vaults:4)
  4 orc high priests
  6 hell knights
  A soul eater (Vaults:2)
  20 deep elf knights
  19 naga sharpshooters
  Nergalle (D:12)
  A spectral death yak (Lair:6)
  A spectral anaconda (Lair:6)
  23 deep trolls
  14 sea snakes
  2 goliath frogs
  10 swamp dragons
  6 salamander mystics
  4 skeletal warriors
  5 naga ritualists
  5 deep elf archers
  6 spriggan druids
  2 flayed ghosts
  8 wizards
  An obsidian statue (Lair:6)
  12 lindwurms
  7 large abominations
  2 phantasmal warriors
  4 bog bodies
  A harpy (shapeshifter) (D:13)
  Pikel (D:7)
  4 spectral hydras (Swamp:4)
  9 necromancers
  18 deep elf pyromancers
  19 ironbound convokers
  16 deep elf zephyrmancers
  An orc knight (Vaults:4)
  13 harpies
  16 mana vipers
  6 shining eyes
  5 cyclopes
  An orc sorcerer (Orc:2)
  24 salamanders
  20 ugly things
  A wolf spider (D:15)
  3 manticores
  3 will-o-the-wisps
  2 oklob plants
  39 black mambas
  9 vault sentinels
  An elephant (shapeshifter) (Vaults:2)
  8 naga magi
  Maurice (Orc:2)
  8 guardian serpents
  A cane toad (shapeshifter) (D:15)
  23 elephants
  3 gargoyles (D:12)
  A torpor snail (Lair:4)
  13 cane toads
  2 ice statues (IceCv)
  An eye of devastation (Slime:1)
  An unseen horror (D:12)
  2 minotaur zombies (Gauntlet)
  A freezing wraith (IceCv)
  A yaktaur zombie (Vaults:4)
  3 rime drakes
  22 yaktaurs
  3 anaconda simulacra (IceCv)
  7 komodo dragons
  3 entropy weaver simulacra (IceCv)
  A merfolk (D:15)
  2 hydra zombies (Swamp:4)
  A polar bear (Lair:5)
  5 ice devils (IceCv)
  A queen bee (D:15)
  11 hornets
  3 meliai (D:15)
  4 tyrant leeches
  8 trolls
  24 blink frogs
  2 raiju (Gauntlet)
  3 spectral elephants (Lair:6)
  A death drake skeleton (Swamp:4)
  A hydra skeleton (Swamp:4)
  85 slime creatures
  10 spriggans
  2 water elementals
  Sigmund (D:4)
  2 air elementals (Elf:1)
  Eustachio (D:4)
  2 shadows
  82 yaks
  A dire elephant simulacrum (IceCv)
  7 wraiths
  9 wyverns
  7 basilisks
  2 steam dragons (Lair:4)
  4 fire bats (Gauntlet)
  7 golden eyes
  6 redbacks (Vaults:4)
  3 fire elementals
  A redback (shapeshifter) (Elf:2)
  14 vampire mosquitoes
  2 death yak simulacra (Lair:6)
  3 harpy simulacra (IceCv)
  15 swamp worms
  5 acid dragons
  A spectral cane toad (Lair:6)
  2 hydra simulacra (Swamp:4)
  44 nagas
  4 hell hounds
  10 water moccasins
  3 swamp drakes (Swamp:4)
  2 elephant zombies (Lair:6)
  A sky beast (D:7)
  3 ice beasts
  18 orc warriors
  3 swamp dragon zombies (Swamp:4)
  20 wolves
  13 centaurs
  15 ogres
  An elephant skeleton (Lair:6)
  A swamp dragon skeleton (Swamp:4)
  5 kobold brigands
  15 bullfrogs
  7 small abominations
  2 gnoll sergeants (D:10)
  6 elf zombies
  An earth elemental (Elf:2)
  2 cane toad simulacra (Lair:6)
  A scorpion (D:7)
  3 wights (D:7)
  An elephant simulacrum (IceCv)
  26 killer bees
  7 electric eels
  2 howler monkeys
  2 human zombies
  A centaur zombie (Ossuary)
  9 jellies
  22 orc priests
  A gnoll shaman (D:8)
  2 iguanas
  Ijyb (D:5)
  21 orc wizards
  A lightning spire (Gauntlet)
  A spriggan simulacrum (IceCv)
  A wolf simulacrum (IceCv)
  3 mummies (Ossuary)
  A hound zombie (Ossuary)
  30 gnolls
  8 adders
  16 white imps
  2 adder zombies (Ossuary)
  A worm (D:5)
  A dart slug (D:4)
  46 orcs
  2 bats (D:1)
  26 endoplasms
  3 giant cockroaches
  2 gnoll zombies (Ossuary)
  9 goblins
  7 hobgoblins
  7 jackals
  8 quokkas
  10 ball pythons
  5 frilled lizards
  7 goblin zombies (Ossuary)
  2 hobgoblin zombies (Ossuary)
  5 jackal zombies (Ossuary)
  30 kobolds
  A kobold zombie (Ossuary)
  An orc zombie (Ossuary)
  4 quokka zombies (Ossuary)
  7 rats
  6 rat zombies (Ossuary)
  22 briar patches (Swamp:4)
  A bush (Lair:4)
1767 creatures vanquished.

Vanquished Creatures (collateral kills)
  A deep elf high priest (Vaults:5)
  A vault guard (Vaults:3)
  2 tengu warriors (D:14)
  An orc high priest (Orc:2)
  Sonja (Lair:4)
  A fire crab (Gauntlet)
  A naga ritualist (Snake:1)
  An ironbound convoker (Vaults:4)
  A necromancer (Vaults:4)
  A salamander (Snake:3)
  An ugly thing (Vaults:4)
  2 oklob plants (Swamp:4)
  A naga mage (Snake:1)
  A vault sentinel (Vaults:4)
  A black mamba (Snake:1)
  A human skeleton (Vaults:4)
  A human simulacrum (Vaults:4)
  2 hell hounds (Gauntlet)
21 creatures vanquished.

Vanquished Creatures (others)
  An alligator (Swamp:3)
  A wizard (D:3)
  5 bloated husks
  An orc (Vaults:5)
  14 briar patches
  18 foxfires
  31 fungi
  106 plants
  25 withered plants (Lair:6)
202 creatures vanquished.

Grand Total: 1990 creatures vanquished

Notes
Turn   | Place    | Note
-------+----------+-------------------------------------------
     0 | D:1      | jlumianski the Demonspawn Gladiator began the quest for the
                  | Orb.
     0 | D:1      | Reached XP level 1. HP: 16/16 MP: 1/1
   341 | D:1      | Gained mutation: You regenerate magic rapidly. [demonic
                  | ancestry]
   341 | D:1      | Reached XP level 2. HP: 9/22 MP: 2/2
  1618 | D:2      | Gained mutation: When hurt, damage is shared between your
                  | health and your magic reserves. [demonic ancestry]
  1618 | D:2      | Reached XP level 3. HP: 27/27 MP: 3/3
  1732 | D:2      | Reached skill level 1 in Maces & Flails
  2170 | D:2      | Reached skill level 1 in Armour
  2170 | D:2      | Gained mutation: You have large cloven feet. [demonic
                  | ancestry]
  2170 | D:2      | Reached XP level 4. HP: 28/31 MP: 4/4
  2662 | D:2      | Found a faded altar of an unknown god.
  3578 | D:3      | Found a bloodstained altar of Trog.
  3579 | D:3      | Noticed a wizard
  3585 | D:3      | Killed a wizard
  3807 | D:4      | Gained mutation: You have hoof-like feet. [demonic
                  | ancestry]
  3807 | D:4      | Reached XP level 5. HP: 38/38 MP: 5/5
  3978 | D:4      | Noticed Sigmund
  3984 | D:4      | Killed Sigmund
  3985 | D:4      | Reached XP level 6. HP: 44/46 MP: 6/6
  4001 | D:4      | Found a blossoming altar of Fedhas.
  4065 | D:4      | Found Sukotif's General Store.
  4070 | D:4      | Bought a scroll of identify for 26 gold pieces
  4070 | D:4      | Bought a potion of heal wounds for 65 gold pieces
  4159 | D:5      | Entered Level 5 of the Dungeon
  4270 | D:4      | Noticed Eustachio
  4480 | D:5      | Noticed Ijyb
  4485 | D:5      | Killed Ijyb
  4508 | D:5      | Found a sacrificial altar of Ru.
  4566 | D:5      | Gained mutation: A meltable shield of frost defends you.
                  | (SH +0) [demonic ancestry]
  4566 | D:5      | Reached XP level 7. HP: 33/51 MP: 5/7
  4893 | D:6      | Found a sand-covered staircase.
  4898 | Ossuary  | Entered an ossuary
  5121 | Ossuary  | Reached skill level 5 in Maces & Flails
  5653 | D:5      | Found a staircase to the Ecumenical Temple.
  5719 | Temple   | Entered the Ecumenical Temple
  5866 | Temple   | Became a worshipper of Qazlal Stormbringer
  5961 | D:4      | Reached XP level 8. HP: 51/60 MP: 6/8
  5968 | D:4      | Killed Eustachio
  5969 | D:4      | Reached skill level 1 in Shields
  6435 | D:5      | Found a shimmering altar of Xom.
  6507 | D:5      | Found Tishpak's Dragon-Slaying Spoils.
  7389 | D:6      | Identified a scroll of acquirement
  7389 | D:6      | Acquired 1125 gold pieces
  7504 | D:5      | Bought the +6 swamp dragon scales of Exihi Wokh {-Cast
                  | Rampage rPois Str+4 Slay+2} for 1355 gold pieces
  7687 | D:6      | Reached skill level 1 in Invocations
  8032 | D:7      | Reached skill level 5 in Armour
  8075 | D:7      | Noticed a two-headed ogre
  8087 | D:7      | Killed a two-headed ogre
  8088 | D:7      | Reached skill level 3 in Invocations
  8088 | D:7      | Gained mutation: A meltable icy envelope protects you from
                  | harm. (AC +0) [demonic ancestry]
  8088 | D:7      | Reached XP level 9. HP: 64/66 MP: 9/11
  8371 | D:7      | Found a transporter.
  8383 | D:7      | Found a one-way gate to the infinite horrors of the Abyss.
  8383 | D:7      | Noticed mcwallace's ghost (novice TeFi)
  8408 | D:7      | Found a transporter.
  8412 | D:7      | Noticed a hell hog
  8423 | D:7      | Noticed Pikel
  8445 | D:7      | Killed Pikel
  8446 | D:7      | Reached skill level 1 in Stealth
  8446 | D:7      | Reached skill level 4 in Invocations
  8455 | D:7      | Reached * piety under Qazlal
  9128 | D:8      | Noticed a troll
  9161 | D:7      | Reached skill level 5 in Fighting
  9211 | D:7      | Gained mutation: You sometimes lose the ability to read
                  | scrolls when taking damage. [potion of mutation]
  9211 | D:7      | Gained mutation: Your spells are a little harder to cast,
                  | but a little more powerful. [potion of mutation]
  9212 | D:7      | Lost mutation: You sometimes lose the ability to read
                  | scrolls when taking damage. [potion of mutation]
  9212 | D:7      | Lost mutation: Your spells are a little harder to cast, but
                  | a little more powerful. [potion of mutation]
  9212 | D:7      | Gained mutation: You have a pair of small antennae on your
                  | head. [potion of mutation]
  9212 | D:7      | Gained mutation: You occasionally shout uncontrollably at
                  | your foes. [potion of mutation]
  9455 | D:8      | Noticed a two-headed ogre
  9486 | D:8      | Killed a two-headed ogre
  9487 | D:8      | Reached skill level 5 in Invocations
  9487 | D:8      | Gained mutation: When low on magic, you restore magic in
                  | place of health. [demonic ancestry]
  9487 | D:8      | Reached XP level 10. HP: 47/74 MP: 8/13
  9639 | D:8      | Learned a level 1 spell: Foxfire
  9954 | D:9      | Noticed a two-headed ogre
  9954 | D:9      | Identified the +7 mace "Syffeq" {drain, Int+4 Dex+5 Stlth+}
 10003 | D:8      | Killed a two-headed ogre
 10042 | D:8      | Reached skill level 6 in Invocations
 10602 | D:9      | Reached ** piety under Qazlal
 10744 | D:9      | Found a staircase to the Lair.
 11257 | D:9      | Reached skill level 7 in Invocations
 11372 | D:10     | Entered Level 10 of the Dungeon
 11482 | D:10     | Noticed a red ugly thing
 11495 | D:10     | Killed a red ugly thing
 11496 | D:10     | Gained mutation: You are partially covered in yellow
                  | scales. (AC +2) [demonic ancestry]
 11496 | D:10     | Reached XP level 11. HP: 81/81 MP: 16/16
 11741 | D:10     | Reached skill level 8 in Invocations
 11978 | D:10     | Noticed a two-headed ogre
 11990 | D:10     | Killed a two-headed ogre
 11991 | D:10     | Reached skill level 10 in Maces & Flails
 12073 | D:10     | Found an iron altar of Okawaru.
 12130 | D:11     | Noticed a two-headed ogre
 12230 | D:10     | Reached skill level 5 in Shields
 12237 | D:11     | Noticed a boulder beetle
 12244 | D:10     | Killed a two-headed ogre
 12248 | D:10     | Reached skill level 9 in Invocations
 12282 | D:10     | Killed a boulder beetle
 12283 | D:10     | Reached skill level 5 in Dodging
 12288 | D:10     | Reached *** piety under Qazlal
 12564 | D:11     | Noticed a wizard
 12574 | D:11     | Killed a wizard
 12752 | D:11     | Noticed a large abomination
 12782 | D:10     | Killed a large abomination
 12783 | D:10     | Reached skill level 10 in Invocations
 13195 | D:11     | Reached XP level 12. HP: 37/89 MP: 15/19
 13628 | Lair:1   | Entered Level 1 of the Lair of Beasts
 13915 | D:12     | Noticed a five-headed hydra
 13931 | D:11     | Killed a five-headed hydra
 14213 | D:12     | Noticed a fire giant
 14214 | D:12     | Found a large runed translucent door.
 14215 | D:12     | Found a large runed translucent door.
 14226 | D:12     | Found a large runed translucent door.
 14227 | D:12     | Found a large runed translucent door.
 14296 | D:12     | Reached skill level 11 in Invocations
 14299 | D:12     | Noticed a two-headed ogre
 14304 | D:12     | Killed a two-headed ogre
 14533 | D:12     | Found a large runed translucent door.
 14535 | D:12     | Noticed a fire giant
 14535 | D:12     | Noticed a deep troll earth mage
 14538 | D:12     | Found a large runed translucent door.
 14620 | D:12     | Noticed Nessos
 14637 | D:12     | Killed Nessos
 14642 | D:12     | Reached **** piety under Qazlal
 14943 | D:12     | Noticed an eight-headed hydra
 14943 | D:12     | Noticed Nergalle
 14962 | D:11     | Killed an eight-headed hydra
 15036 | D:12     | Killed Nergalle
 15299 | D:12     | Found a large runed translucent door.
 15319 | D:12     | Found a staircase to the Orcish Mines.
 15554 | D:12     | Found a large runed translucent door.
 15663 | D:13     | Noticed an eight-headed hydra
 15681 | D:12     | Killed an eight-headed hydra
 15844 | D:13     | Reached XP level 13. HP: 93/98 MP: 21/21
 15928 | D:13     | Reached skill level 12 in Invocations
 16932 | D:13     | Found a gate to the Vaults.
 17213 | D:14     | Reached skill level 1 in Evocations
 17261 | D:14     | Found Lacwibov's Magic Scroll Shoppe.
 17288 | D:14     | Bought a scroll of enchant weapon for 112 gold pieces
 17288 | D:14     | Bought a scroll of blinking for 112 gold pieces
 17288 | D:14     | Bought a scroll of enchant armour for 112 gold pieces
 17311 | D:14     | Found a gate leading to a gauntlet.
 17322 | Gauntlet | Entered a Gauntlet
 17322 | Gauntlet | Found a transporter.
 17332 | Gauntlet | Found a transporter.
 17349 | Gauntlet | Found a transporter.
 17349 | Gauntlet | Found the macabre finger necklace {rN+}
 17354 | Gauntlet | Found a transporter.
 17356 | Gauntlet | Found a large runed translucent door.
 17356 | Gauntlet | Found a large runed translucent door.
 17376 | Gauntlet | Found a large runed translucent door.
 17376 | Gauntlet | Found a large runed translucent door.
 17422 | Gauntlet | Found a runed translucent door.
 17422 | Gauntlet | Found a runed translucent door.
 17422 | Gauntlet | Found a large runed translucent door.
 17422 | Gauntlet | Found a large runed translucent door.
 17422 | Gauntlet | Found a large runed translucent door.
 17422 | Gauntlet | Found a large runed translucent door.
 17422 | Gauntlet | Found a large runed translucent door.
 17422 | Gauntlet | Found a large runed translucent door.
 17424 | Gauntlet | Found a large runed translucent door.
 17424 | Gauntlet | Found a large runed translucent door.
 17425 | Gauntlet | Found a large runed translucent door.
 17425 | Gauntlet | Found a large runed translucent door.
 17425 | Gauntlet | Found a large runed translucent door.
 17425 | Gauntlet | Found a large runed translucent door.
 17686 | Gauntlet | Found a runed translucent gate.
 17686 | Gauntlet | Found a runed translucent gate.
 17686 | Gauntlet | Found a runed translucent gate.
 17687 | Gauntlet | Found a transporter.
 17732 | Gauntlet | Identified the +2 cloak of the Snail {Contam rC+ rCorr
                  | Str+5}
 17800 | Gauntlet | Identified the +3 mace "Koutuoc" {vorpal, rPois rN+}
 17800 | Gauntlet | Noticed a minotaur
 17819 | Gauntlet | Killed a minotaur
 18392 | D:14     | Reached skill level 13 in Invocations
 18905 | D:15     | Entered Level 15 of the Dungeon
 19473 | D:14     | Reached XP level 14. HP: 106/106 MP: 23/23
 19525 | D:15     | Found a bloodstained altar of Trog.
 19762 | D:15     | Found a staircase to the Depths.
 20190 | D:15     | Acquired a manual of Evocations
 20934 | Orc:1    | Entered Level 1 of the Orcish Mines
 21141 | Orc:2    | Entered Level 2 of the Orcish Mines
 21141 | Orc:2    | Noticed Erolcha
 21141 | Orc:2    | Found a bloodstained altar of Trog.
 21147 | Orc:2    | Killed Erolcha
 21160 | Orc:2    | Noticed Maurice
 21175 | Orc:2    | Killed Maurice
 21216 | Orc:2    | Noticed Josephine
 21232 | Orc:2    | Killed Josephine
 21233 | Orc:2    | Reached skill level 5 in Evocations
 21247 | Orc:2    | Reached ***** piety under Qazlal
 21709 | Orc:2    | Found Qedamem's Antique Armour Shop.
 21709 | Orc:2    | Found Jar Jirch's Book Boutique.
 21714 | Orc:2    | Found Yfeac's Distillery.
 21714 | Orc:2    | Found Fubonn's Book Boutique.
 21787 | Orc:2    | Found a staircase to the Elven Halls.
 21841 | Orc:2    | Found a flickering gateway to a bazaar.
 21854 | Bazaar   | Entered a bazaar
 21854 | Bazaar   | Found Enynn's Antique Armour Boutique.
 21864 | Bazaar   | Found Joki's Antique Weapon Boutique.
 21879 | Bazaar   | Found Boan's Antique Armour Emporium.
 21887 | Bazaar   | Bought a pair of gloves for 81 gold pieces
 21921 | Bazaar   | Found Xucag's Armour Shop.
 21929 | Bazaar   | Found Lire's General Store.
 21934 | Bazaar   | Bought a potion of heal wounds for 55 gold pieces
 22101 | Orc:2    | Bought a potion of heal wounds for 50 gold pieces
 22101 | Orc:2    | Bought a potion of invisibility for 80 gold pieces
 22101 | Orc:2    | Bought 2 potions of mutation for 160 gold pieces
 22475 | Orc:2    | Reached skill level 14 in Invocations
 22957 | Orc:1    | Paralysed by something for 2 turns
 24482 | Lair:2   | Found a frozen archway.
 24548 | IceCv    | Entered an ice cave
 24842 | IceCv    | Reached XP level 15. HP: 98/114 MP: 25/25
 25174 | Lair:2   | Noticed Urug
 25190 | Lair:2   | Killed Urug
 25729 | Lair:2   | Found a staircase to the Swamp.
 26813 | Lair:3   | Reached skill level 10 in Shields
 26967 | Lair:3   | Reached skill level 10 in Fighting
 26994 | Lair:3   | Reached skill level 15 in Invocations
 26994 | Lair:3   | Gained mutation: A meltable icy envelope protects you from
                  | harm. (AC +0) [demonic ancestry]
 26994 | Lair:3   | Reached XP level 16. HP: 122/122 MP: 27/27
 27178 | Lair:3   | Noticed dolemite99's ghost (journeyman HOGl)
 27179 | Lair:3   | Found a runed translucent gate.
 27179 | Lair:3   | Found a runed translucent gate.
 27180 | Lair:3   | Found a runed translucent gate.
 27202 | Lair:3   | Killed dolemite99's ghost
 27886 | Lair:4   | Reached ****** piety under Qazlal
 28086 | Lair:4   | Reached skill level 10 in Evocations
 28126 | Lair:4   | Found a staircase to the Snake Pit.
 28160 | Lair:4   | Noticed Sonja
 28168 | Lair:4   | Killed Sonja
 28168 | Lair:4   | Noticed Rupert
 28180 | Lair:4   | Killed Rupert
 29397 | Lair:5   | Found a staircase to the Slime Pits.
 30457 | Lair:6   | Entered Level 6 of the Lair of Beasts
 30490 | Lair:6   | Reached XP level 17. HP: 104/130 MP: 24/28
 30510 | Lair:6   | Reached skill level 16 in Invocations
 32104 | Swamp:1  | Entered Level 1 of the Swamp
 32384 | Swamp:1  | Reached skill level 10 in Dodging
 32434 | Swamp:1  | Identified the ring of Uloomut {rN+ SInv}
 32862 | Swamp:2  | Noticed a tentacled monstrosity
 32882 | Swamp:2  | Killed a tentacled monstrosity
 34528 | Swamp:4  | Entered Level 4 of the Swamp
 34545 | Swamp:4  | Noticed Donald
 34577 | Swamp:3  | Killed Donald
 34929 | Swamp:4  | Reached skill level 17 in Invocations
 34947 | Swamp:4  | Paralysed by something for 3 turns
 34964 | Swamp:3  | Paralysed by something for 4 turns
 34978 | Swamp:3  | Paralysed by a vampire knight for 3 turns
 35279 | Swamp:3  | Paralysed by a vampire knight for 7 turns
 35494 | Swamp:4  | Gained mutation: You are mostly covered in yellow scales.
                  | (AC +3) [demonic ancestry]
 35494 | Swamp:4  | Reached XP level 18. HP: 123/139 MP: 26/30
 36549 | Swamp:4  | Found a blossoming altar of Fedhas.
 36602 | Swamp:4  | Found a runed translucent door.
 36603 | Swamp:4  | Noticed siradein's ghost (adept TrFi)
 36654 | Swamp:4  | Killed siradein's ghost
 36657 | Swamp:4  | Found the +8 orange crystal plate armour {Archmagi, Int+3
                  | Clar}
 36845 | Swamp:4  | Found a basalt altar of Yredelemnul.
 37042 | Swamp:4  | Got a decaying rune of Zot
 37330 | Snake:1  | Entered Level 1 of the Snake Pit
 37636 | Snake:1  | You fall into a shaft and drop 1 floor!
 39708 | Snake:2  | Found a large runed translucent door.
 39708 | Snake:2  | Found a large runed translucent door.
 39709 | Snake:2  | Noticed Bupsiose's ghost (adept DrCj)
 39776 | Snake:2  | Killed Bupsiose's ghost
 39787 | Snake:2  | Identified the +10 spear of Kifyto Qisk {flame, rC- rCorr
                  | Int+2}
 40637 | Snake:3  | Noticed Azrael
 40662 | Snake:2  | Killed Azrael
 40763 | Snake:2  | Reached skill level 18 in Invocations
 41314 | Snake:4  | Entered Level 4 of the Snake Pit
 41324 | Snake:3  | Reached skill level 15 in Shields
 41341 | Snake:3  | Gained mutation: You have hooves in place of feet. [demonic
                  | ancestry]
 41341 | Snake:3  | Reached XP level 19. HP: 107/147 MP: 24/32
 41893 | Snake:4  | Upgraded the game from 0.29-a0-233-g1125b37a9b to
                  | 0.29-a0-234-g0dae59b3db
 42278 | Snake:4  | Noticed Vashnia
 42352 | Snake:4  | Killed Vashnia
 43714 | Snake:4  | Reached skill level 15 in Evocations
 43738 | Snake:4  | Reached skill level 10 in Armour
 43782 | Snake:4  | Got a serpentine rune of Zot
 44628 | Elf:1    | Entered Level 1 of the Elven Halls
 44840 | Elf:1    | Found Nyacziull's Weapon Emporium.
 44881 | Elf:1    | Paralysed by an air elemental for 1 turns
 45026 | Elf:1    | Paralysed by an air elemental for 1 turns
 45478 | Elf:1    | Reached skill level 19 in Invocations
 45627 | Elf:1    | Got Kikubaaqudgha's Reference Book on Darkness
 45915 | Elf:2    | Found Affeig Rup's Weapon Emporium.
 45954 | Elf:2    | Noticed a Brimstone Fiend
 46075 | Elf:2    | Gained mutation: You punish those that try to bend your
                  | will. (Will+) [demonic ancestry]
 46075 | Elf:2    | Reached XP level 20. HP: 156/156 MP: 33/33
 46083 | Elf:2    | Found a runed translucent gate.
 46083 | Elf:2    | Found a runed translucent gate.
 46083 | Elf:2    | Found a runed translucent gate.
 46175 | Elf:2    | Identified the +3 leather armour of Starshine {rElec Str+4
                  | SInv Stlth-}
 47777 | Elf:3    | Entered Level 3 of the Elven Halls
 47807 | Elf:3    | Found a flickering gateway to a bazaar.
 47861 | Bazaar   | Entered a bazaar
 47898 | Bazaar   | Found Elune's Antique Armour Emporium.
 47909 | Bazaar   | Found Mekuj's Antique Armour Shoppe.
 47926 | Bazaar   | Found Qioxt's Antique Weapon Shoppe.
 47937 | Bazaar   | Found Pizolli's Antique Weapon Emporium.
 47992 | Bazaar   | Bought a shiny troll leather armour for 360 gold pieces
 49192 | Elf:3    | Identified the ring "Puozyh" {rElec rPois Will- MP+9 SInv}
 49747 | Elf:3    | Identified the +11 mace "Pullosoc" {flame, *Noise rF++
                  | rC+++ Dex+3}
 50221 | Elf:3    | Identified the +7 mace "Ynufeiph" {venom, +Blink rF+ Str-3
                  | Dex+7 Stlth+}
 51226 | Elf:3    | Identified the +11 broad axe "Zeuce" {drain, rElec}
 51226 | Elf:3    | Identified the ring "Dacsan" {rPois rF++ Str+4 SInv}
 51269 | Elf:3    | Identified the +7 plate armour "Oprao" {rF++ Str+2}
 51276 | Elf:3    | Identified the +10 scale mail of the Tired Flying Moons
                  | {rElec rC+++ rCorr Dex-2}
 51314 | Elf:3    | Identified the +6 hand axe of Yesterday {vorpal, Str-5
                  | Int+4}
 51865 | Vaults:1 | Entered Level 1 of the Vaults
 53259 | Vaults:2 | Reached skill level 20 in Invocations
 53527 | Vaults:2 | Found a staircase to the Crypt.
 53917 | Vaults:2 | Reached XP level 21. HP: 165/165 MP: 35/35
 54063 | Vaults:2 | Noticed Margery
 54084 | Vaults:2 | Killed Margery
 54447 | Vaults:2 | Found the +4 Cigotuvi's embrace {rMiasma Drain rN+}
 54975 | Vaults:3 | Found Caecea Mota's Weapon Boutique.
 56477 | Vaults:3 | Reached skill level 21 in Invocations
 56679 | Vaults:4 | Got the Grimoire of Evil Ignition
 56807 | Vaults:4 | Reached skill level 15 in Fighting
 56965 | Vaults:4 | Noticed an ancient lich
 56993 | Vaults:4 | Killed an ancient lich
 57230 | Vaults:4 | Noticed Bai Suzhen
 57250 | Vaults:4 | Killed Bai Suzhen
 57686 | Vaults:5 | Entered Level 5 of the Vaults
 58294 | Vaults:5 | Paralysed by a sphinx for 3 turns
 58507 | Vaults:5 | Noticed a golden dragon
 58842 | Vaults:4 | Gained mutation: You are completely covered in yellow
                  | scales. (AC +4, rCorr) [demonic ancestry]
 58842 | Vaults:4 | Reached XP level 22. HP: 158/176 MP: 36/36
 58967 | Vaults:5 | Noticed a golden dragon
 59367 | Vaults:4 | Killed a golden dragon
 59451 | Vaults:4 | Killed a golden dragon
 59631 | Vaults:5 | Reached skill level 22 in Invocations
 61577 | Vaults:5 | Identified the +2 buckler of the Lost Mystics {Dex+2}
 61992 | Vaults:5 | Identified the +6 quarterstaff of the Valley {flame, rCorr
                  | Str+3}
 61992 | Vaults:5 | Identified the +2 troll leather armour "Muefoqyts" {rF++
                  | Regen+}
 63077 | Vaults:5 | Found the +1 cloak of Starlight {*Dazzle EV+4 Stlth--}
 63082 | Vaults:5 | Got a silver rune of Zot
 63083 | Vaults:5 | Identified the +3 ring mail "Sipul" {rPois Will+}
 63219 | Vaults:5 | Gained mutation: Your spells are a little easier to cast,
                  | but a little less powerful. [mutagenic glow]
 63270 | Vaults:5 | Reached skill level 23 in Invocations
 63951 | Slime:1  | Entered Level 1 of the Pits of Slime
 63990 | Slime:1  | Gained mutation: You are dopey. (Int -2) [a shining eye]
 64217 | Slime:4  | Gained mutation: Your body sometimes deteriorates upon
                  | taking damage. [a shining eye]
 64220 | Slime:4  | Gained mutation: You sometimes lose the ability to read
                  | scrolls when taking damage. [a shining eye]
 64239 | Slime:4  | Gained mutation: Armour fits poorly on your strangely
                  | shaped body. [a shining eye]
 64241 | Slime:4  | Gained mutation: You are weak. (Str -2) [a shining eye]
 64299 | Slime:5  | Entered Level 5 of the Pits of Slime
 64336 | Slime:4  | Reached XP level 23. HP: 135/185 MP: 34/38
 64471 | Slime:5  | Gained mutation: You have a somewhat thin skeletal
                  | structure. (Dex +2, Stealth+) [a shining eye]
 64485 | Slime:5  | Noticed the Royal Jelly
 64569 | Slime:4  | Gained mutation: You frequently scream uncontrollably at
                  | your foes. [a shining eye]
 64788 | Slime:5  | Killed the Royal Jelly
 64789 | Slime:5  | Slain by a rockslime

Illustrated notes

Levels and vault maps discovered:
D:1:      elethiomel_arrival_maze, layout_basic
D:2:      layout_basic, shapermc_ecumenical_altar_mp_vishouse
D:3:      layout_basic, trog_wizard, chequers_arboretum,
          kennysheep_generic_room_3
D:4:      layout_loops_ring, fedhas_altar_2, serial_shops, shop, uniq_sigmund,
          uniq_eustachio
D:5:      layout_basic, mainiacjoe_overflow_24_doors,
          gammafunk_temple_overflow_elements, minmay_temple_entry_waves,
          nicolae_shop_dragon_depot, uniq_ijyb
D:6:      layout_layer_cave, nicolae_ossuary_entry_plus
D:7:      layout_loops_ring, gammafunk_ghost_abyssal_escape, uniq_pikel
D:8:      layout_basic
D:9:      layout_basic, lair_entry_dummy
D:10:     layout_loops_ring, kennysheep_mini_moat, statue_in_the_mist_lemuel
D:11:     layout_cross, laboratory
D:12:     minmay_five_octagons, layout_basic, david_orc_3, uniq_nergalle,
          uniq_nessos
D:13:     layout_basic, erik_vaults_1, serial_corexii_hall,
          chequers_hall_statues_corner_a, corexii_hall_statues_l
D:14:     layout_basic, serial_shops, nicolae_shop_statue_plus,
          ebering_dispersal_statue_hall, gauntlet_entry_generic
D:15:     hangedman_depths_entry_try_elsewhere_first, layout_cave_pods,
          special_room [special_room_bee], bloody_trog
Temple:   regret_index_temple_sphere_string
Lair:1:   layout_cave_pods
Lair:2:   layout_concentric_octagons, skrybe_swamp_entry_bodies,
          portal_ice_cave_entry_imps, hibernation_bobbens, uniq_urug
Lair:3:   layout_roguey, ebering_ghost_rock_garden, grunt_megastairs_2,
          serial_bayou_shore_b
Lair:4:   lemuel_slime, layout_cave_pods, minmay_snake_entry_guardpost_large,
          nicolae_lair_grazing_beasts [nicolae_sub_lair_graze_edge,
          nicolae_sub_lair_graze_edge, nicolae_sub_lair_graze_edge,
          nicolae_sub_lair_graze_edge], uniq_sonja, uniq_rupert
Lair:5:   layout_loops_ring, nicolae_slime_entry_slimehenge, minmay_hedge_maze,
          chequers_serial_rivers_room_b, hangedman_lair_generics_rect
Lair:6:   due_jungle_book, layout_long_grid
Swamp:1:  layout_falls_marsh, evilmike_swamp_ruin_house_4, swamp_pool3,
          st_swamp_mini
Swamp:2:  layout_falls_marsh, nicolae_swamp_little_tower
Swamp:3:  layout_basic_swamp, infiniplex_staircase_pool
Swamp:4:  byrel_swamp_growth_death_and_undeath, layout_basic_swamp,
          ebering_ghost_inner_flame, uniq_donald
Snake:1:  layout_honeycomb
Snake:2:  nicolae_snake_nest, layout_basic, ebering_ghost_disaster_area,
          grunt_ministairs_9
Snake:3:  layout_rooms, special_room, uniq_azrael
Snake:4:  snake_pit_salamanders_mu, layout_cave_town, serial_bayou,
          serial_bayou_lagoon_a, serial_bayou_lake_a, serial_bayou_pond_d,
          serial_bayou_ford_a, serial_bayou_pond_c, st_stairs_7,
          nicolae_fountain_basement, uniq_vashnia
Slime:1:  layout_caves, cheibrodos_slime_lost_civilization_6
Slime:2:  cheibrodos_slime_lost_civilization_3, layout_caves,
          cheibrodos_slime_lost_civilization_7
Slime:3:  layout_caves
Slime:4:  layout_caves, cheibrodos_slime_lost_civilization_5
Slime:5
Orc:1:    layout_caves
Orc:2:    st_orc_mages, layout_caves, basic_altar, serial_shops,
          bzr_in_the_mist, uniq_josephine, uniq_maurice, uniq_erolcha
Elf:1:    layout_geoelf_octagon, serial_shops, nicolae_diamond_shop,
          minmay_elf_necromancy, lemuel_flamethrower_3
Elf:2:    elven_hall_of_blades_hangedman_original [nicolae_blade_little_rooms],
          layout_geoelf_diagonals, serial_shops, shop
Elf:3:    minmay_elf_hall_circle, layout_loops_corners, serial_shops,
          bzr_entry_dummy, st_stairs_14
Vaults:1: v_misc_33, ontoclasm_vaults_twist, nicolae_vaults_little_squares_2,
          ontoclasm_vaults_shuriken, vaults_mumra_hexcomb,
          nicolae_vaults_little_squares_3, layout_vaults_omnigrid
Vaults:2: v_pattern_3, grunt_vaults_twisty, nicolae_vaults_little_squares_4,
          kb_rosetta, nicolae_vaults_little_ls,
          nicolae_vaults_twisting_passages, vaults_room_large_hall,
          minmay_crypt_entry_simple_box, vaults_dpeg_ring,
          nicolae_vaults_bisected_exclaves, vaults_room_pools, v_misc_26,
          vaults_room_door_ring, nicolae_vaults_asterisk,
          ontoclasm_vaults_loading_screen, layout_vaults_ring, uniq_margery
Vaults:3: nicolae_vaults_circle_grid_a, v_rooms_2, vaults_room_hallway,
          ontoclasm_vaults_fault, v_misc_14, vaults_room_door_hall,
          nicolae_vaults_border_crossing, grunt_vaults_diagonal,
          nicolae_vaults_little_squares_4, vaults_dpeg_cross,
          layout_vaults_big_room, serial_shops,
          nicolae_shop_temple_entry_statues_fountains
Vaults:4: v_misc_19, v_misc_12, hangedman_vaults_slice, v_pattern_2, v_misc_15,
          nicolae_vaults_network_quinsquares
          [nicolae_vaults_network_quincunx_subvault,
          nicolae_vaults_network_quincunx_subvault,
          nicolae_vaults_network_quincunx_subvault,
          nicolae_vaults_network_quincunx_subvault],
          nicolae_vaults_circle_grid_b, vaults_standard_mumra_enter_the_diamond,
          nicolae_vaults_mini_display_case, st_cross,
          ontoclasm_vaults_ring_large, v_alt_pattern_1, vaults_dpeg_hooks,
          layout_vaults_omnibox, uniq_bai_suzhen
Vaults:5: serial_shops

Skill      XL: |  1  2  3  4  5  6  7  8  9 10 11 12 13 14 15 16 17 18 19 20 21 22 |
---------------+-------------------------------------------------------------------+-----
Dodging        | 3 4 5 6 7 8 9 10 11 12 13 | 13.7
Axes           | 3 |  3.1
Maces & Flails | 2 3 4 5 7 8 9 10 11 12 13 14 | 14.0
Armour         | 1 2 3 4 5 6 7 8 9 10 11 12 | 12.9
Throwing       | 2 3 |  3.2
Fighting       | 3 4 5 6 7 8 9 10 11 12 13 14 15 16 | 16.4
Shields        | 2 3 4 6 7 8 9 10 11 13 15 16 17 18 19 | 19.8
Invocations    | 3 5 7 10 11 13 14 15 17 18 19 20 21 23 | 23.4
Stealth        | 1 2 |  2.6
Evocations     | 3 7 9 11 13 14 15 16 17 | 17.4

Action                   |  1- 3 |  4- 6 |  7- 9 | 10-12 | 13-15 | 16-18 | 19-21 | 22-24 || total
-------------------------+-------+-------+-------+-------+-------+-------+-------+-------++-------
Melee: War axe           |    32 |       |       |       |       |       |       |       ||    32
       Whip              |    79 |   116 |   293 |    29 |       |       |       |       ||   517
       Kick              |       |    27 |    53 |       |       |       |   718 |   381 ||  1179
       Punch             |       |     2 |     1 |     9 |    13 |     1 |       |       ||    26
       Mace              |       |       |       |   482 |  1043 |  1719 |  1478 |   659 ||  5381
Throw: Stone             |     7 |    12 |       |    13 |       |       |       |       ||    32
       Dart              |       |       |       |     2 |     3 |     4 |       |       ||     9
Invok: Elemental Force   |       |       |       |       |     3 |     7 |     4 |     2 ||    16
       Upheaval          |       |       |       |       |       |     7 |    11 |     5 ||    23
       Disaster Area     |       |       |       |       |       |       |       |     1 ||     1
Evoke: Wand              |       |       |     1 |     2 |     1 |     1 |     1 |       ||     6
       Tin of tremorston |       |       |       |       |     3 |     3 |     1 |     1 ||     8
       Condenser vane    |       |       |       |       |     1 |     1 |       |     1 ||     3
       Phial of floods   |       |       |       |       |       |       |     1 |       ||     1
       Box of beasts     |       |       |       |       |       |       |     2 |     1 ||     3
       Phantom mirror    |       |       |       |       |       |       |     1 |       ||     1
  Use: Scroll            |     2 |     7 |     7 |     1 |    11 |     6 |     2 |     2 ||    38
       Potion            |       |       |     3 |     1 |     6 |     2 |     2 |       ||    14
 Stab: Distracted        |       |       |       |       |     3 |     1 |     1 |       ||     5
       Paralysed         |       |       |       |       |       |     6 |     1 |       ||     7
       Invisible         |       |       |       |       |       |       |       |     7 ||     7
Armor: Leather armour    |    37 |       |       |       |       |       |       |       ||    37
       Plate armour      |       |    55 |   112 |       |       |       |       |       ||   167
       Ring mail         |       |     1 |       |       |       |       |       |       ||     1
       Swamp dragon scal |       |       |    36 |   230 |   506 |   858 |   383 |   268 ||  2281
Dodge: Dodged            |    66 |    37 |    94 |   277 |   696 |   850 |   478 |   386 ||  2884
       Repelled          |       |       |       |     1 |    18 |    39 |    31 |    17 ||   106
Block: Other             |       |       |    50 |   333 |   561 |    69 |       |       ||  1013
       Reflection        |       |       |     1 |    26 |     7 |   124 |   204 |    19 ||   381
       Buckler           |       |       |       |       |       |   783 |       |       ||   783
       Kite shield       |       |       |       |       |       |  1212 |  1884 |   988 ||  4084

Table legend: (Time is in decaauts)
 A = Elapsed time spent in this place.
 B = Non-inter-level travel time spent in this place.
 C = Inter-level travel time spent in this place.
 D = Time resting spent in this place.
 E = Time spent auto-exploring this place.
 F = Levels seen in this place.
 G = Mean time per level.
                   A        B        C        D        E       F      G
               +--------+--------+--------+--------+--------+-----+--------+
         Total |  64288 |  58343 |   5945 |  12078 |  27139 |  50 | 1285.8 |
       Dungeon |  21463 |  17959 |   3504 |   2514 |  10545 |  15 | 1430.9 |
        Temple |    177 |    177 |      0 |      0 |    119 |   1 |  177.0 |
          Lair |   8505 |   7538 |    967 |    403 |   4067 |   6 | 1417.5 |
         Swamp |   4977 |   4874 |    103 |   1469 |   1763 |   4 | 1244.2 |
     Snake Pit |   6891 |   6787 |    104 |   1221 |   2842 |   4 | 1722.8 |
    Slime Pits |    707 |    707 |      0 |    342 |     15 |   5 |  141.4 |
  Orcish Mines |   2514 |   2307 |    207 |    655 |    695 |   2 | 1257.0 |
   Elven Halls |   6119 |   5839 |    280 |   1965 |   2123 |   3 | 2039.7 |
        Vaults |  10746 |   9970 |    776 |   2723 |   4777 |   5 | 2149.2 |
        Bazaar |    247 |    247 |      0 |      0 |      0 |   2 |  123.5 |
       Ossuary |    616 |    616 |      0 |    218 |      0 |   1 |  616.0 |
      Ice Cave |    590 |    590 |      0 |     76 |    192 |   1 |  590.0 |
      Gauntlet |    732 |    732 |      0 |    492 |      0 |   1 |  732.0 |
               +--------+--------+--------+--------+--------+-----+--------+

Top non-repeatable levels by time:
Vaults:4: 3504 daAuts
   Elf:2: 3243 daAuts
     D:9: 3182 daAuts
Vaults:3: 2270 daAuts
 Snake:2: 2258 daAuts
 Snake:4: 1946 daAuts
 Swamp:4: 1892 daAuts
  Lair:2: 1794 daAuts
    D:10: 1792 daAuts
  Lair:4: 1762 daAuts
Vaults:2: 1761 daAuts
   Orc:2: 1743 daAuts
    D:13: 1693 daAuts
Vaults:5: 1643 daAuts
  Lair:1: 1631 daAuts
